 Dungeon Crawl Stone Soup version 0.30-a0-1161-g0704695555 (webtiles) character file.

Game seed: 16801229019173724341

7 BlasphemerAmon the Conjurer (level 2, 0/13 (15) HPs)
             Began as a Vine Stalker Reaver on Apr 27, 2023.
             Slain by a jackal (2 damage)
             ... on level 1 of the Dungeon.
             The game lasted 00:00:36 (114 turns).

BlasphemerAmon the Conjurer (Vine Stalker Reaver)    Turns: 114, Time: 00:00:37

HP:   0/13 (15)     AC:  3    Str: 14    XL:     2   Next: 0%
MP:   0/6           EV: 11    Int: 13    God:
Gold: 9             SH:  0    Dex: 12    Spells: 4/5 levels left

rFire   . . .        a - +0 falchion
rCold   . . .        (no shield)
rNeg    . . .        b - +0 leather armour
rPois   .            (no helmet)
rElec   .            (no cloak)
rCorr   .            (no gloves)
SInv    .            (no boots)
Will    .....        (no amulet)
Stlth   ++           (no ring)
HPRegen 0.22/turn    (no ring)
MPRegen 0.10/turn

%: guardian spirit
@: heavily drained
A: fangs 2, magic shield, antimagic bite, no potion heal 2
a: no special abilities


You were on level 1 of the Dungeon.
You visited 1 branch of the dungeon, and saw 1 of its levels.

You collected 9 gold pieces.

Inventory:

Hand Weapons
 a - a +0 falchion (weapon)
Armour
 b - a +0 leather armour (worn)
Potions
 c - 2 potions of haste {unknown}


   Skills:
 - Level 1.7 Fighting
 - Level 2.6 Long Blades
 - Level 1.5 Dodging
 * Level 2.1 Stealth
 - Level 2.1 Spellcasting
 - Level 3.0 Conjurations


You had 4 spell levels left.
You knew the following spells:

 Your Spells              Type           Power      Damage    Failure   Level
a - Kiss of Death         Conj/Necr      20%        2d7       17%         1

Your spell library contained the following spells:

 Spells                   Type           Power      Damage    Failure   Level
 Momentum Strike          Conj/Tloc      10%        3d8       26%         2
 Hailstorm                Conj/Ice       5%         3d4       45%         3


Dungeon Overview and Level Annotations

Branches:
Dungeon (1/15)

Altars:

Annotations:
D:1 1 runed translucent door


Innate Abilities, Weirdness & Mutations

You have extremely sharp teeth.
When hurt, damage is shared between your health and your magic reserves.
Your bite disrupts and absorbs the magic of your enemies.
Potions cannot restore your health.


Message History

The jackal is moderately wounded.
The jackal bites you. The jackal completely misses you.
The jackal closely misses you. x2; The kobold closely misses you.
You hit the jackal.
The jackal is almost dead.
The jackal barely misses you.
The jackal bites you but does no damage.
The jackal barely misses you. x2; The kobold barely misses you.
The jackal bites you but does no damage. x2
You hit the jackal but do no damage.
The jackal is almost dead.
The jackal bites you but does no damage.
The jackal closely misses you. The jackal barely misses you.
The kobold barely misses you. The jackal closely misses you.
You closely miss the jackal. You bite the jackal, but do no damage.
The jackal is almost dead.
The jackal barely misses you. x2; The jackal bites you.
The kobold hits you with a +0 club. The jackal closely misses you. x2
You hit the jackal.
You kill the jackal!
The jackal bites you but does no damage.
The jackal bites you. The kobold completely misses you. The jackal bites you.
The jackal misses you. The kobold hits you with a +0 club.
The jackal barely misses you. The jackal bites you.
* * * LOW HITPOINT WARNING * * *
Aiming: Kiss of Death (safe; 17% risk of failure)
Press: ? - help, Q - select action Shift-Dir - straight line, f - jackal
Aim: a jackal (moderately wounded, 100% to hit)
The negative energy hits the jackal.
The jackal is drained!
You kill the jackal!
You feel drained. The jackal bites you.
* * * LOW HITPOINT WARNING * * *
The kobold hits you but does no damage.
Your Stealth skill increases to level 2!
You have reached level 2!
The kobold attacks as you move away! The kobold misses you.
The jackal barely misses you. The jackal bites you.
You die...

#..#..##
##..#...##
#...#.#..#
#.#...##.######
#.#...........#
#.#.#.........# .
#.#.#.........#
..
#.#.#...#######
...###.@.)..#...#
......(h.......##
...##.K....#.###
..........##.#
....#.....# ..
..#........#... .
###.####.#....
... ....... ..$.
##.$.


You could see a jackal and a kobold.

Vanquished Creatures
  A giant cockroach (D:1)
  A goblin (D:1)
  2 jackals (D:1)
  A bat (D:1)
  A frilled lizard (D:1)
6 creatures vanquished.

Notes
Turn   | Place    | Note
-------+----------+-------------------------------------------
     0 | D:1      | BlasphemerAmon the Vine Stalker Reaver began the quest for
                  | the Orb.
     0 | D:1      | Reached XP level 1. HP: 11/11 MP: 4/4
     3 | D:1      | Found a runed translucent door.
    60 | D:1      | Reached skill level 1 in Stealth
   112 | D:1      | Reached XP level 2. HP: 1/13 MP: 0/6
   114 | D:1      | Slain by a jackal

Illustrated notes

Levels and vault maps discovered:
D:1:      dpeg_arrival_caged_fury, layout_rooms

Skill      XL: |  1 |
---------------+----+-----
Stealth        | 2 |  2.1
Fighting       | |  1.7
Long Blades    | |  2.6
Dodging        | |  1.5
Spellcasting   | |  2.1
Conjurations   | |  3.0

Action                     || total
---------------------------++-------
  Melee: Falchion          ||    23
         Bite              ||     4
         Punch             ||     1
   Cast: Kiss of Death     ||     1
 Armour: Leather armour    ||    17
  Dodge: Dodged            ||    39

Table legend: (Time is in decaauts)
 A = Elapsed time spent in this place.
 B = Non-inter-level travel time spent in this place.
 C = Inter-level travel time spent in this place.
 D = Time resting spent in this place.
 E = Time spent auto-exploring this place.
 F = Levels seen in this place.
 G = Mean time per level.
                   A        B        C        D        E       F      G
               +--------+--------+--------+--------+--------+-----+--------+
         Total |    118 |    118 |      0 |      0 |      0 |   1 |  118.0 |
       Dungeon |    118 |    118 |      0 |      0 |      0 |   1 |  118.0 |
               +--------+--------+--------+--------+--------+-----+--------+

Top non-repeatable levels by time:
     D:1: 118 daAuts
